 Dungeon Crawl Stone Soup version 0.28-a0-1524-ge72afd5fc6 (webtiles) character file.

Game seed: 9288107501625349176

100 dolemite99 the Poker (level 4, -11/35 HPs)
             Began as a Merfolk Abyssal Knight on Jan 18, 2022.
             Was a Follower of Lugonu.
             Mangled by an ogre (17 damage)
             ... on level 3 of the Dungeon.
             The game lasted 00:02:09 (3141 turns).

dolemite99 the Poker (Merfolk Abyssal Knight)       Turns: 3141, Time: 00:02:10

Health: -11/35     AC:  7    Str: 15    XL:     4   Next: 74%
Magic:  5/5        EV: 10    Int:  9    God:    Lugonu [*.....]
Gold:   25         SH:  0    Dex: 14    Spells: 3/3 levels left

rFire   . . .      SeeInvis .   a - +1 spear
rCold   . . .      Faith    .   (no shield)
rNeg    . . .      Spirit   .   d - +0 scale mail
rPois   .          Reflect  .   (no helmet)
rElec   .          Harm     .   (no cloak)
rCorr   .          Rampage  .   h - +0 pair of gloves
Will    .....                   (no boots)
Stlth   ..........              (no amulet)
HPRegen 0.11/turn               (no ring)
MPRegen 0.09/turn               (no ring)

@: flying
A: (nimble swimmer 2), mertail
a: Renounce Religion, Depart the Abyss


You were on level 3 of the Dungeon.
You worshipped Lugonu.
Lugonu was aware of your devotion.
You visited 1 branch of the dungeon, and saw 3 of its levels.
You visited the Abyss 1 time.

You collected 25 gold pieces.

Inventory:

Hand Weapons
 a - a +1 spear (weapon)
Missiles
 i - 18 bolts
Armour
 b - a +0 leather armour
 d - a +0 scale mail (worn)
 h - a +0 pair of gloves (worn)
Scrolls
 c - 4 scrolls of identify {unknown}
 f - a scroll of teleportation {unknown}
 g - a scroll of fear {unknown}


   Skills:
 - Level 3.2 Fighting
 + Level 7.0 Polearms
 - Level 0.6 Armour
 - Level 2.6 Dodging
 - Level 2.0 Invocations


You had 3 spell levels left.
You didn't know any spells.
Your spell library contained the following spells:

 Spells                   Type           Power      Damage    Failure   Level
 Corpse Rot               Necr/Air       0%         N/A       94%         2
 Poisonous Vapours        Pois/Air       0%         N/A       94%         2


Dungeon Overview and Level Annotations

Branches:
Dungeon (3/15)

Altars:

Shops:
D:1 (*


Innate Abilities, Weirdness & Mutations

((You are very nimble when in or above water. (Stealth+, EV+, Speed+++)))
Your lower body shifts to a powerful aquatic tail in water.


Message History

You kill the jackal!
Lugonu accepts your kill.
No target in view!
No target in view!
No target in view!
No target in view!
No target in view!
No target in view!
You see here a jackal corpse.
HP restored.
An ogre comes into view. It is wielding a +0 giant club.
The ogre shouts!
An ogre is nearby!
Okay, then.
You reach to attack!
You closely miss the ogre. You hit the ogre.
The ogre is lightly wounded.
The ogre hits you but does no damage.
You barely miss the ogre.
The ogre is lightly wounded.
You hit the ogre but do no damage.
The ogre is lightly wounded.
The ogre barely misses you.
You closely miss the ogre.
The ogre is lightly wounded.
You hit the ogre.
The ogre is lightly wounded.
The ogre completely misses you.
You hit the ogre.
The ogre is moderately wounded.
You barely miss the ogre.
The ogre is moderately wounded.
The ogre hits you with a +0 giant club!!
Ouch! That really hurt!
* * * LOW HITPOINT WARNING * * *
It was a potion of flight.
You feel very buoyant.
You fly up into the air.
The ogre barely misses you. The ogre hits you with a +0 giant club!
You die...

#.#.......######.
...#####.#####..........
...........#
#........####
.....####.##
#.#.#÷.......
.....##....#
#.#.#.##.####
........♣..###.#.#.##.#
#......P♣..##.#<#.<# #
....♣♣♣..P...#.#..#
#####..♣♣..@####.#..#
.....P....O.# #.#..#
####..PP....#### #..#
#.P♣.♣.......# #.... #.P
♣♣P.......# #...... #.
♣.........# #......# #
PP.P..####### #......#
#P....# #......#
...#.#.# #......#


You could see an ogre.

Vanquished Creatures
  Natasha (twice) (D:3)
  3 ball pythons
  4 endoplasms
  A giant cockroach (D:1)
  4 goblins
  3 hobgoblins (D:1)
  13 jackals
  7 kobolds
  4 bats
  4 frilled lizards
  2 rats (D:1)
47 creatures vanquished.

Vanquished Creatures (others)
  7 plants (D:3)
7 creatures vanquished.

Grand Total: 54 creatures vanquished

Notes
Turn   | Place    | Note
-------+----------+-------------------------------------------
     0 | Abyss:1  | dolemite99 the Merfolk Abyssal Knight began the quest for
                  | the Orb.
     0 | Abyss:1  | Reached XP level 1. HP: 18/18 MP: 2/2
    86 | Abyss:1  | Found a corrupted altar of Lugonu.
   130 | Abyss:1  | Noticed an orange demon
   131 | D:1      | Escaped the Abyss
   185 | D:1      | Found Posch's Weapon Boutique.
   231 | D:1      | Reached skill level 4 in Polearms
   231 | D:1      | Reached XP level 2. HP: 19/24 MP: 3/3
   640 | D:1      | Reached * piety under Lugonu
   753 | D:1      | Found a faded altar of an unknown god.
   792 | D:1      | Reached skill level 5 in Polearms
   792 | D:1      | Reached XP level 3. HP: 23/29 MP: 4/4
  1264 | D:1      | Found Puolokhlu's Assorted Antiques.
  2374 | D:3      | Noticed Natasha
  2393 | D:3      | Killed Natasha
  2394 | D:3      | Reached skill level 6 in Polearms
  2394 | D:3      | Reached XP level 4. HP: 7/35 MP: 5/5
  2725 | D:3      | Noticed Natasha
  2745 | D:3      | Killed Natasha
  3017 | D:3      | Reached skill level 7 in Polearms
  3124 | D:3      | Noticed an ogre
  3141 | D:3      | Mangled by an ogre

Illustrated notes

Levels and vault maps discovered:
D:1:      minmay_arrival_jagged, layout_loops_ring, serial_shops, shop,
          nicolae_shop_hallway_plus, ebering_ecumenical_altar_abandoned
D:2:      layout_basic
D:3:      layout_basic, amcnicky_altar_gilded, serial_forest,
          infiniplex_forest_clump_double, infiniplex_forest_clump_small,
          infiniplex_forest_lined_3, infiniplex_forest_lined_3,
          infiniplex_forest_zigzag_1, infiniplex_forest_lined_ring, uniq_natasha

Skill      XL: |  1  2  3  4 |
---------------+-------------+-----
Polearms       | 4 5 6 7 |  7.0
Fighting       | |  3.2
Armour         | |  0.6
Dodging        | |  2.6
Invocations    | |  2.0

Action                   |  1- 3 |  4- 6 || total
-------------------------+-------+-------++-------
Melee: Spear             |   153 |    46 ||   199
       Punch             |     1 |       ||     1
Invok: Depart the Abyss  |     1 |       ||     1
  Use: Potion            |       |     1 ||     1
Armor: Scale mail        |    46 |    14 ||    60
       Leather armour    |     1 |       ||     1
Dodge: Dodged            |    54 |    27 ||    81

Table legend: (Time is in decaauts)
 A = Elapsed time spent in this place.
 B = Non-inter-level travel time spent in this place.
 C = Inter-level travel time spent in this place.
 D = Time resting spent in this place.
 E = Time spent auto-exploring this place.
 F = Levels seen in this place.
 G = Mean time per level.
                   A        B        C        D        E       F      G
               +--------+--------+--------+--------+--------+-----+--------+
         Total |   3113 |   2994 |    119 |    829 |   1760 |   4 |  778.2 |
       Dungeon |   2986 |   2867 |    119 |    829 |   1638 |   3 |  995.3 |
         Abyss |    126 |    126 |      0 |      0 |    122 |   1 |  126.0 |
               +--------+--------+--------+--------+--------+-----+--------+

Top non-repeatable levels by time:
     D:1: 1308 daAuts
     D:2: 913 daAuts
     D:3: 764 daAuts
 Abyss:1: 126 daAuts
